AoeStats
← Pab10

African Clearing

510480718Analyzed
4v4 RM · 2d ago on Oct 1, 2026· 18m 36s· 8 players
Game mode
Random Map
Map size
Large (8 player)
Population
200
Speed
Normal
Resources
Standard
Victory
Conquest
Starting age
Dark Age
Ending age
Imperial Age
RankedLock teamsTeams togetherTeam positionsShared explorationLock speedFull tech treeHidden civsTurbo modeCheats
Victory
Defeat
🇦🇷 Berbers · Argentina
1545
+12
🇳🇴 Bohemians · Norway
1473
+15
🇦🇷 Dravidians · Argentina
1434
+17
🇺🇸 Burmese · United States
1271
+24
🇷🇺 Goths · Russia
1505
-19
🇨🇳 Malay · China
1474
-18
🇲🇽 Turks · Mexico
1449
-17
🇨🇳 Sicilians · China
1370
-14
小心,有诈。
5:20 Loom
14:49 Feudal Age
长相犯罪
3:09 Loom
12:50 Feudal Age
14:37 Double-Bit Axe
17:46 Forging
20:58 Castle Age
Riveryyy
7:35 Loom
13:22 Feudal Age
17:01 Castle Age
Kanon
13:09 Feudal Age
11:24 Loom
17:49 Castle Age
PNAL | Jivanrios
6:08 Loom
12:21 Feudal Age
13:18 Man-at-Arms
15:38 Town Watch
16:04 Arson
18:17 Scale Mail Armor
19:25 Forging
PNAL | Machete
9:42 Loom
17:23 Feudal Age
Pab10
4:24 Loom
12:35 Feudal Age
15:01 Fletching
PNAL | ale_petro
8:29 Loom
12:02 Feudal Age
13:42 Double-Bit Axe
16:09 Forging
17:01 Scale Barding Armor
Connection lost

Rejoining the realm…

Still unreachable

The connection could not be restored.

Session expired

The server has moved on; the page needs a fresh start.